 Dungeon Crawl Stone Soup version 0.28.0-53-g5a82cb258f (webtiles) character file.

Game seed: 17812665299978418416

72789 cbfl8 the Warrior (level 15, -6/217 HPs)
             Began as a Minotaur Berserker on July 28, 2022.
             Was a High Priest of Trog.
             Mangled by a komodo dragon (22 damage)
             ... on level 6 of the Lair of Beasts on July 29, 2022.
             The game lasted 00:28:00 (24435 turns).

cbfl8 the Warrior (Minotaur Berserker)             Turns: 24435, Time: 00:28:01

Health: -6/217     AC: 23    Str: 21    XL:     15   Next: 2%
Magic:  14/14      EV: 15    Int:  4    God:    Trog [*****.]
Gold:   1480       SH:  5    Dex: 24    Spells: 14/14 levels left

rFire   . . .      SeeInvis +   r - +7 Throatcutter {drain, coup de grace}
rCold   + . .      Faith    .   (no shield)
rNeg    . . .      Spirit   .   A - +3 plate armour of Trial and Error {rElec rC+ SInv}
rPois   .          Reflect  +   (helmet restricted)
rElec   +          Harm     .   w - scarf {shadows}
rCorr   .          Rampage  +   q - +0 pair of gloves
Will    +....                   B - +0 pair of boots {rampage}
Stlth   ..........              c - amulet of reflection
HPRegen 0.46/turn               C - +6 ring of dexterity
MPRegen 0.14/turn               P - +4 ring of slaying

@: berserking, studying Dodging, very quick
A: horns 2, retaliatory headbutt
a: Renounce Religion, Berserk, Trog's Hand, Brothers in Arms


You were on level 6 of the Lair of Beasts.
You worshipped Trog.
Trog was extremely pleased with you.
You visited 2 branches of the dungeon, and saw 21 of its levels.
You also visited: Ossuary.

You collected 1480 gold pieces.

Inventory:

Hand Weapons
 r - the +7 Throatcutter (weapon) {drain, coup de grace}
   (You took it off Terence on level 3 of the Dungeon)

   A truly terrible weapon, it drains the life of any living foe it strikes.
   It may instantly kill foes which have little health.
 s - a +0 battleaxe of freezing
 z - the +6 scimitar of Gluttony {venom, rN+}
   (You found it on level 1 of the Lair of Beasts)

   It poisons the flesh of those it strikes.
   rN:        It protects you from negative energy.
Missiles
 b - 8 throwing nets
Armour
 q - a +0 pair of gloves (worn)
 u - a +1 pair of boots
 w - a scarf of shadows (worn)
 A - the +3 plate armour of Trial and Error (worn) {rElec rC+ SInv}
   (You took it off an orc warrior on level 8 of the Dungeon)

   rC:        It protects you from cold.
   rElec:     It insulates you from electricity.
   SInv:      It lets you see invisible.
 B - a +0 pair of boots of rampaging (worn)
 T - +0 fire dragon scales
Jewellery
 c - an amulet of reflection (around neck)
 p - a +4 ring of protection
 t - a ring of ice
 C - a +6 ring of dexterity (left hand)
 K - a ring of ice
 P - a +4 ring of slaying (right hand)
 R - an amulet of regeneration
 S - an amulet of magic regeneration
Wands
 v - a wand of polymorph (13)
 I - a wand of flame (23)
 Q - a wand of digging (6)
 V - a wand of mindburst (3) (quivered)
Scrolls
 a - 3 scrolls of fog
 f - 3 scrolls of magic mapping
 g - 6 scrolls of immolation
 h - a scroll of amnesia
 k - a scroll of enchant weapon
 l - a scroll of blinking
 n - 7 scrolls of noise
 x - 4 scrolls of teleportation
 y - 3 scrolls of brand weapon
 G - a scroll of silence
 J - 4 scrolls of fear
 L - 2 scrolls of summoning
Potions
 d - 9 potions of curing
 e - 2 potions of ambrosia {unknown}
 i - 4 potions of mutation
 j - 3 potions of attraction
 m - 7 potions of berserk rage
 D - 2 potions of lignification {unknown}
 E - 3 potions of flight
 F - 3 potions of haste
 H - 4 potions of invisibility {unknown}
 N - 2 potions of brilliance {unknown}
 O - a potion of degeneration {unknown}
 U - a potion of heal wounds
Miscellaneous
 o - a phial of floods
 M - a box of beasts


   Skills:
 * Level 16.4 Fighting
 - Level 14.0 Long Blades
 + Level 5.2 Axes
 + Level 14.8 Armour
 * Level 12.3 Dodging
 + Level 2.2 Stealth
 + Level 8.3 Shields
 * Level 9.3 Evocations


You had 14 spell levels left.
You didn't know any spells.
Your spell library was empty.

Dungeon Overview and Level Annotations

Branches:
Dungeon (15/15) Temple (0/1) D:6 Lair (6/6) D:8 Swamp (0/4) Lair:3 Snake (0/4) Lair:3 Orc (0/2) D:10 Vaults (0/5) D:13 D:14 Depths (0/4) D:15 Ossuary (visited) Slime: Lair:5-6

Altars:
Cheibriados
Kikubaaqudgha
Okawaru
Qazlal
Sif Muna
Vehumet
Wu Jian
Xom
Yredelemnul
Zin
Beogh

Shops:
D:2 *=:==   D:6 [   D:11 :

Portals:
Abyss: D:6

Annotations:
D:6 2 transporters, Imhoden's ghost, novice DsIE
D:10 1 runed translucent door
D:14 2 transporters, Piopsagem's ghost, journeyman DgEE


Innate Abilities, Weirdness & Mutations

You have a pair of horns on your head.
You reflexively headbutt those who attack you in melee.


Message History

You feel strangely unstable.
Your surroundings suddenly seem different.
A catoblepas comes into view.
The catoblepas bellows!
You hear a trumpeting!
A cane toad comes into view.
Aiming: Throw Flame
Press: ? - help, Q - select action, (/) - cycle Shift-Dir - straight line, f - catoblepas
Aim: a catoblepas (100% to hit)
Okay, then.
You rampage towards the catoblepas!
A death yak and a dire elephant come into view.
A manticore comes into view.
Found a runed short sword and 15 gold pieces.
The death yak bellows!
The dire elephant trumpets!
As you read the scroll of teleportation, it crumbles to dust.
You feel strangely unstable.
The catoblepas breathes a plume of calcifying dust at you.
The blast of calcifying dust hits you but does no damage.
You are engulfed in calcifying dust.
Your surroundings suddenly seem different.
A dire elephant and a death yak come into view.
The dire elephant trumpets!
The death yak bellows!
You hear an angry hiss.
A cane toad comes into view.
A manticore comes into view.
The cane toad moves out of view.
You hear a trumpeting!
You hear an angry hiss.
A death yak comes into view.
As you read the scroll of teleportation, it crumbles to dust.
You feel strangely unstable.
The death yak bellows!
A wyvern comes into view.
The cane toad gives a loud, deep croak!
Your surroundings suddenly seem different.
A komodo dragon comes into view.
Found 41 gold pieces.
The komodo dragon hisses angrily.
The komodo dragon bites you!
* * * LOW HITPOINT WARNING * * *
A red film seems to cover your vision as you go berserk!
You feel yourself moving faster!
You feel mighty! The komodo dragon bites you!!
You die...

.............
...........$.
.............
.............
.............
.....l.......
.....$@......
..#####.##.##
##


You could see a komodo dragon.

Vanquished Creatures
  Jorgrun (D:12)
  A fire giant (D:15)
  A fire dragon (Lair:4)
  6 hydras
  4 boulder beetles
  Fannar (D:12)
  Harold (D:8)
  A catoblepas (Lair:4)
  3 centaur warriors
  6 two-headed ogres
  6 death yaks (Lair:3)
  Nergalle (Lair:1)
  The ghost of Wobbu the Destroyer, a novice NaWz of Ru (Lair:1)
  The ghost of cmd the Fighter, a novice MiFi of Okawaru (D:8)
  14 skeletal warriors
  A lindwurm (Lair:4)
  A deep elf pyromancer (D:15)
  A wolf spider (D:13)
  An orc knight (D:14)
  4 manticores
  3 ugly things
  4 cyclopes
  5 black mambas
  Joseph (Lair:1)
  9 cane toads
  4 gargoyles
  6 komodo dragons
  An efreet (D:15)
  A yaktaur (D:12)
  7 rime drakes
  3 meliai (D:15)
  7 trolls
  A hornet (D:15)
  4 blink frogs (Lair:3)
  12 slime creatures
  12 dream sheep
  A shadow (D:11)
  A centaur simulacrum (D:14)
  3 wraiths
  31 yaks
  2 vampires
  Grum (D:10)
  16 humans (D:13)
  3 wyverns
  5 basilisks
  10 steam dragons
  4 vampire mosquitoes
  4 wargs (D:10)
  A swamp worm (Lair:3)
  An acid dragon (D:11)
  An acid dragon (shapeshifter) (D:13)
  11 water moccasins
  3 orc warriors
  A hornet zombie (Ossuary)
  2 ice beasts
  2 black bears
  A necrophage (D:6)
  2 ogres
  19 wolves
  23 centaurs
  2 gnoll sergeants
  11 bullfrogs
  A scorpion (D:8)
  3 wyvern zombies
  A water moccasin zombie (Ossuary)
  28 killer bees
  9 wights
  5 electric eels
  A howler monkey (D:5)
  8 centaur zombies
  A jelly (D:6)
  8 bullfrog zombies
  2 orc priests
  A bullfrog skeleton (D:6)
  A hound (D:4)
  2 gnoll shamans
  Terence (D:3)
  2 centaur skeletons (D:5)
  5 iguanas
  8 orc wizards
  Natasha (thrice) (D:3)
  A statue (D:9)
  A killer bee zombie (D:6)
  A hound skeleton (D:4)
  11 mummies (Ossuary)
  15 gnolls
  9 adders
  A shadow imp (D:8)
  A white imp (D:7)
  An ufetubus (D:6)
  A dart slug (D:4)
  26 orcs
  8 endoplasms
  4 giant cockroaches
  10 goblins
  3 hobgoblins
  3 kobolds
  5 quokkas
  8 ball pythons
  4 bats
  A frilled lizard (D:3)
  A jackal skeleton (D:10)
  A quokka skeleton (D:2)
  24 rats
  A plant (Lair:5)
528 creatures vanquished.

Vanquished Creatures (others)
  21 fungi
  43 plants
  7 withered plants (Ossuary)
71 creatures vanquished.

Grand Total: 599 creatures vanquished

Notes
Turn   | Place    | Note
-------+----------+-------------------------------------------
     0 | D:1      | cbfl8 the Minotaur Berserker began the quest for the Orb.
     0 | D:1      | Reached XP level 1. HP: 19/19 MP: 0/0
    18 | D:1      | Found a faded altar of an unknown god.
   349 | D:1      | Reached XP level 2. HP: 27/27 MP: 1/1
   447 | D:1      | Reached skill level 4 in Fighting
  1223 | D:2      | Found Mesir's Jewellery Boutique.
  1226 | D:2      | Reached ** piety under Trog
  1232 | D:2      | Reached XP level 3. HP: 31/33 MP: 2/2
  1309 | D:2      | Found Hyic's Jewellery Shop.
  1341 | D:2      | Found Eczop's Book Emporium.
  1586 | D:2      | Found Xaasouhi's Jewellery Boutique.
  1706 | D:2      | Found Atiosab's Assorted Antiques.
  1772 | D:2      | Reached XP level 4. HP: 39/40 MP: 3/3
  1975 | D:3      | Noticed Terence
  1984 | D:3      | Killed Terence
  2338 | D:3      | Noticed Natasha
  2343 | D:3      | Killed Natasha
  2498 | D:3      | Noticed Natasha
  2505 | D:3      | Killed Natasha
  2506 | D:3      | Reached skill level 5 in Axes
  2506 | D:3      | Reached XP level 5. HP: 43/46 MP: 4/4
  2661 | D:3      | Noticed Natasha
  2665 | D:3      | Killed Natasha
  2880 | D:3      | Reached skill level 1 in Long Blades
  3356 | D:4      | Noticed an ogre
  3356 | D:4      | Noticed an ice beast
  3360 | D:4      | Reached skill level 1 in Evocations
  3361 | D:4      | Killed an ogre
  3362 | D:4      | Reached skill level 5 in Fighting
  3362 | D:4      | Reached XP level 6. HP: 56/56 MP: 5/5
  3362 | D:4      | Killed an ice beast
  3575 | D:4      | Noticed a water moccasin
  3580 | D:4      | Killed a water moccasin
  3581 | D:4      | Reached XP level 7. HP: 49/61 MP: 6/6
  3772 | D:4      | Reached *** piety under Trog
  3868 | D:4      | Found a stormy altar of Qazlal.
  3868 | D:4      | Found an iron altar of Okawaru.
  4024 | D:5      | Entered Level 5 of the Dungeon
  4043 | D:5      | Found a shimmering blue altar of Sif Muna.
  4219 | D:5      | Found an ornate altar of the Wu Jian Council.
  4548 | D:5      | Found a sand-covered staircase.
  4557 | Ossuary  | Entered an ossuary
  4572 | Ossuary  | Reached skill level 6 in Fighting
  4579 | Ossuary  | Reached skill level 5 in Long Blades
  4579 | Ossuary  | Reached XP level 8. HP: 66/70 MP: 7/7
  4630 | Ossuary  | Reached skill level 5 in Armour
  4630 | Ossuary  | Reached skill level 1 in Shields
  4650 | Ossuary  | Reached skill level 5 in Dodging
  4796 | Ossuary  | Reached **** piety under Trog
  5368 | D:6      | Noticed a sixfirhy
  5388 | D:6      | Found a transporter.
  5395 | D:6      | Found a transporter.
  5415 | D:6      | Reached XP level 9. HP: 78/78 MP: 8/8
  5711 | D:6      | Noticed Imhoden's ghost (novice DsIE)
  5822 | D:6      | Found a snail-covered altar of Cheibriados.
  5956 | D:6      | Found Tigodahu's Armour Shop.
  5974 | D:6      | Found a staircase to the Ecumenical Temple.
  6508 | D:6      | Found a one-way gate to the infinite horrors of the Abyss.
  6530 | D:6      | Reached skill level 7 in Fighting
  7116 | D:7      | Found an ancient bone altar of Kikubaaqudgha.
  7214 | D:7      | Reached skill level 1 in Stealth
  7493 | D:7      | Reached skill level 10 in Long Blades
  7703 | D:8      | Noticed a komodo dragon
  7705 | D:8      | Reached ***** piety under Trog
  7706 | D:8      | Reached XP level 10. HP: 86/86 MP: 9/9
  7766 | D:8      | Found a staircase to the Lair.
  7775 | D:8      | Noticed Harold
  7789 | D:8      | Killed Harold
  7790 | D:8      | Reached skill level 8 in Fighting
  8004 | D:8      | Found a runed translucent gate.
  8004 | D:8      | Found a runed translucent gate.
  8005 | D:8      | Found a runed translucent gate.
  8006 | D:8      | Identified the +3 plate armour of Trial and Error {rElec
                  | rC+ SInv}
  8007 | D:8      | Noticed cmd's ghost (novice MiFi)
  8097 | D:8      | Found a glowing silver altar of Zin.
  8206 | D:8      | Killed cmd's ghost
  8429 | D:9      | You fall into a shaft and drop 2 floors!
  8454 | D:11     | Reached skill level 5 in Evocations
  8469 | D:11     | Noticed a gargoyle
  8474 | D:11     | Killed a gargoyle
  8500 | D:11     | Noticed a manticore
  8507 | D:11     | Killed a manticore
  8758 | D:10     | Entered Level 10 of the Dungeon
  8857 | D:10     | Noticed a cyclops
  8862 | D:10     | Killed a cyclops
  8954 | D:10     | Found a staircase to the Orcish Mines.
  8954 | D:10     | Noticed a gargoyle
  8958 | D:10     | Reached XP level 11. HP: 95/95 MP: 10/10
  9053 | D:10     | Reached skill level 9 in Fighting
  9706 | D:9      | Found a radiant altar of Vehumet.
  9746 | D:9      | Received a gift from Trog
  9758 | D:9      | Noticed a two-headed ogre
  9763 | D:9      | Killed a two-headed ogre
  9919 | D:10     | Noticed Grum
  9928 | D:10     | Killed Grum
 10196 | D:10     | Found a runed translucent door.
 10200 | D:10     | Found a basalt altar of Yredelemnul.
 10701 | D:11     | Noticed an eight-headed hydra
 10711 | D:11     | Killed a 14-headed hydra
 10719 | D:11     | Reached skill level 10 in Fighting
 11146 | D:11     | Noticed a two-headed ogre
 11152 | D:11     | Killed a two-headed ogre
 11508 | D:11     | Reached XP level 12. HP: 95/107 MP: 11/11
 11561 | D:11     | Found Zokaijax's Book Emporium.
 11700 | D:11     | Identified the +11 quarterstaff "Bingo" {pain, rCorr}
 11793 | D:12     | Noticed a boulder beetle
 11806 | D:12     | Killed a boulder beetle
 11843 | D:12     | Noticed a two-headed ogre
 11849 | D:12     | Killed a two-headed ogre
 11895 | D:12     | Noticed Fannar
 11902 | D:12     | Killed Fannar
 11925 | D:12     | Noticed a two-headed ogre
 11931 | D:12     | Reached skill level 11 in Fighting
 11933 | D:12     | Killed a two-headed ogre
 11940 | D:12     | Reached skill level 10 in Armour
 12101 | D:12     | Noticed Jorgrun
 12146 | D:12     | Killed Jorgrun
 12462 | D:12     | Identified the +0 chain mail of Soft Rains {Rampage rN++
                  | Dex-4}
 12478 | D:12     | Reached skill level 12 in Fighting
 13193 | D:13     | Reached skill level 5 in Shields
 13202 | D:13     | Noticed a centaur warrior
 13217 | D:13     | Killed a centaur warrior
 13290 | D:13     | Noticed a boulder beetle
 13311 | D:13     | Killed a boulder beetle
 13560 | D:13     | Reached XP level 13. HP: 119/119 MP: 12/12
 13940 | D:14     | Found a gate to the Vaults.
 13954 | D:13     | Reached skill level 13 in Fighting
 15120 | D:14     | Noticed Piopsagem's ghost (journeyman DgEE)
 15130 | D:14     | Found a transporter.
 15141 | D:14     | Noticed a fire dragon
 15846 | D:14     | Found a transporter.
 15848 | D:14     | Noticed a fire dragon
 16078 | D:14     | Reached skill level 10 in Dodging
 16091 | D:14     | Reached skill level 14 in Fighting
 16540 | D:14     | Identified a scroll of acquirement
 16541 | D:14     | Acquired a manual of Dodging
 16565 | D:15     | Entered Level 15 of the Dungeon
 16699 | D:15     | Found a staircase to the Depths.
 16699 | D:15     | Noticed a fire giant
 16862 | D:15     | Killed a fire giant
 17499 | D:15     | Found a shimmering altar of Xom.
 18214 | Lair:1   | Entered Level 1 of the Lair of Beasts
 18221 | Lair:1   | Reached XP level 14. HP: 133/133 MP: 13/13
 18595 | Lair:1   | Noticed Joseph
 18602 | Lair:1   | Killed Joseph
 18657 | Lair:1   | Found a runed translucent gate.
 18657 | Lair:1   | Found a runed translucent gate.
 18659 | Lair:1   | Found a runed translucent gate.
 18660 | Lair:1   | Noticed Wobbu's ghost (novice NaWz)
 18694 | Lair:1   | Noticed Nergalle
 18711 | Lair:1   | Killed Nergalle
 19355 | Lair:1   | Killed Wobbu's ghost
 19361 | Lair:1   | Identified the +6 scimitar of Gluttony {venom, rN+}
 19393 | Lair:2   | Received a gift from Trog
 20284 | Lair:2   | Reached skill level 15 in Fighting
 21214 | Lair:3   | Found a staircase to the Snake Pit.
 21261 | Lair:3   | Found a staircase to the Swamp.
 22455 | Lair:4   | Reached skill level 16 in Fighting
 22457 | Lair:4   | Received a gift from Trog
 24058 | Lair:6   | Entered Level 6 of the Lair of Beasts
 24086 | Lair:5   | Reached XP level 15. HP: 106/145 MP: 14/14
 24435 | Lair:6   | Mangled by a komodo dragon

Illustrated notes

Levels and vault maps discovered:
D:1:      elethiomel_arrival_quiet, layout_loops_corners,
          shapermc_ecumenical_altar_gd, amcnicky_mini_rare_corridor_liquid
D:2:      layout_rooms, serial_shops, shop, shop_statue, shop_fountains,
          nicolae_shop_statue_plus, nicolae_shop_overgrown_old_shop
D:3:      layout_basic, roderic_serpentine_path, uniq_natasha, uniq_terence
D:4:      layout_rooms, gammafunk_temple_overflow_statue,
          hangedman_decor_clover_reticule, corexii_leaking_fountain,
          minmay_rat_hole
D:5:      layout_basic, mainiacjoe_overflow_catch_the_wave,
          chequers_ossuary_entry_cave
D:6:      layout_basic, lemuel_coloured_pillars_altar,
          minmay_temple_entry_trees, gammafunk_ghost_abyssal_escape,
          serial_shops, shop, eino_small_chamber_without_monster
D:7:      layout_basic, lemuel_crystal_altar
D:8:      layout_rooms, marbit_many_paths, due_lair_maze_entry_diamond,
          biasface_ghost_orc_armoury, uniq_harold
D:9:      layout_roguey, vehumet_statue, kennysheep_small_square
D:10:     layout_small_grid, dk_yredelemnul_ordeal, minmay_orc_entry_guard_dogs,
          uniq_grum
D:11:     layout_stronghold, serial_shops, kennysheep_mini_moat,
          serial_bayou_pond_b
D:12:     layout_rooms, chequers_serial_rivers_marsh, uniq_fannar, uniq_jorgrun
D:13:     layout_rooms
D:14:     layout_irregular_city, david_vaults_3,
          nicolae_concentric_dashed_squares_mild,
          gammafunk_ghost_berserking_beasts, kennysheep_generic_room_10
D:15:     grunt_enter_depths_giant_problem, layout_basic,
          hangedman_abyss_or_decor_stagger, xom_teletrap_fun
Lair:1:   layout_layer_cave, gammafunk_ghost_hydra_chop, uniq_joseph,
          uniq_nergalle
Lair:2:   layout_regular_city
Lair:3:   layout_regular_city, minmay_swamp_entry_worms, dummy_snake_entry,
          serial_bayou_lake_a
Lair:4:   layout_hall_layers, minmay_hedge_maze, bobbens_dragon_lair_wall
Lair:5:   layout_loops_ring
Lair:6:   hangedman_lair_in_review, layout_big_grid, slime_dummy,
          gammafunk_ghost_ooze

Skill      XL: |  1  2  3  4  5  6  7  8  9 10 11 12 13 14 |
---------------+-------------------------------------------+-----
Axes           | 4 5 |  5.2
Fighting       | 4 5 6 7 8 10 12 14 16 | 16.4
Dodging        | 3 4 5 6 7 8 9 10 12 | 12.3
Armour         | 3 4 5 6 7 9 11 13 14 | 14.8
Long Blades    | 1 5 8 10 12 14 | 14.0
Evocations     | 1 2 3 4 5 6 7 8 9 |  9.3
Shields        | 1 2 3 4 5 6 8 |  8.3
Stealth        | 1 2 |  2.2

Action                   |  1- 3 |  4- 6 |  7- 9 | 10-12 | 13-15 || total
-------------------------+-------+-------+-------+-------+-------++-------
Melee: Hand axe          |    92 |     9 |       |       |       ||   101
       Headbutt          |    10 |     4 |    42 |   116 |   168 ||   340
       Long sword        |       |    43 |   258 |   448 |   695 ||  1444
       Punch             |       |     1 |     1 |     4 |     8 ||    14
Invok: Berserk           |       |     1 |       |     5 |    15 ||    21
       Trog's Hand       |       |       |       |       |     1 ||     1
       Brothers in Arms  |       |       |       |       |     1 ||     1
Evoke: Wand              |       |       |       |       |    12 ||    12
  Use: Scroll            |       |       |    15 |     5 |     9 ||    29
       Potion            |       |       |       |     5 |     3 ||     8
 Stab: Sleeping          |     1 |       |       |       |       ||     1
       Paralysed         |       |       |       |       |     2 ||     2
Armor: Animal skin       |    22 |       |       |       |       ||    22
       Chain mail        |       |    21 |   133 |    32 |       ||   186
       Plate armour      |       |       |       |   244 |   528 ||   772
Dodge: Dodged            |    63 |    21 |   138 |   270 |   483 ||   975
Block: Other             |    10 |     9 |    67 |   115 |   198 ||   399
       Reflection        |       |       |     1 |    11 |     8 ||    20
